General information
- name: BNet
- type: Ladder team game (AT/RT)
- host: Battle.net
- saver: VELOX_NEB
map: SilverpineForest
- players: 6
- length: 95:33
- speed: Fast
- version: 1.21 W3XP
- replay type: Public
» download(490 KB)
Players
team 1 (winner)
Dexanth (
purple | 72 APM | 6830 actions | 95:18)
9 Beastmaster
3 Summon Quilbeast
3 Summon Hawk
1 Stampede
2 Summon Bear
2 Archmage
2 Brilliance Aura
11 Goblin Alchemist
3 Healing Spray
3 Chemical Rage
3 Transmute
2 Acid Bomb
1 Mountain King
1 Bash
» actions
| Assign group hotkey | 130 | |
| Basic commands | 39 | |
| Build / train | 129 | |
| Enter build submenu | 29 | |
| Enter hero's abilities submenu | 24 | |
| Give item / drop item | 22 | |
| Remove unit from queue | 2 | |
| Right click | 3640 | |
| Select / deselect | 957 | |
| Select group hotkey | 1391 | |
| Use ability | 467 | |
6830 total
» units
| Wisp | 30 | |
| Chimaera | 6 | |
| Druid of the Talon | 1 | |
37 total
» upgrades
| Strength of the Wild | 3 | |
| Ultravision | 1 | |
| Well Spring | 1 | |
| Reinforced Hides | 3 | |
| Corrosive Breath | 1 | |
| Nature's Blessing | 1 | |
| Druid of the Talon Training | 2 | |
12 total
» buildings
| Moon Well | 13 | |
| Altar of Elders | 2 | |
| Tree of Ages | 1 | |
| Ancient of Wonders | 1 | |
| Hunter's Hall | 1 | |
| Tree of Eternity | 1 | |
| Ancient of Wind | 1 | |
| Tree of Life | 2 | |
| Chimaera Roost | 4 | |
26 total
» build order
00:19 Moon Well
00:34 Altar of Elders
00:40 Moon Well
04:38 Tree of Ages
04:41 Ancient of Wonders
05:59 Hunter's Hall
07:01 Tree of Eternity
10:50 Ancient of Wind
10:52 Moon Well
11:42 Tree of Life
11:49 Moon Well
13:05 Chimaera Roost
13:07 Chimaera Roost
19:05 Moon Well
19:52 Moon Well
23:09 Chimaera Roost
24:32 Moon Well
24:33 Moon Well
24:33 Moon Well
24:34 Moon Well
28:35 Chimaera Roost
31:48 Tree of Life
49:05 Moon Well
51:56 Moon Well
53:41 Altar of Elders
54:46 Moon Well
» items
| Boots of Speed | 3 | |
| Staff of Teleportation | 3 | |
| Potion of Healing | 3 | |
| Orb of Venom | 2 | |
| Scroll of Town Portal | 14 | |
| Ancient Janggo of Endurance | 1 | |
| Legion Doom-Horn | 1 | |
| Khadgar's Pipe of Insight | 1 | |
| Tiny Great Hall | 2 | |
| Tome of Retraining | 2 | |
| Medallion of Courage | 2 | |
| Amulet of Spell Shield | 1 | |
| Claws of Attack +12 | 1 | |
36 total
GOKUMaN69 (
blue | 51 APM | 4851 actions | 95:18)
7 Archmage
3 Blizzard
2 Brilliance Aura
1 Mass Teleport
1 Summon Water Elemental
7 Mountain King
3 Storm Bolt
2 Bash
1 Avatar
1 Thunder Clap
1 Beastmaster
1 Summon Bear
» actions
| Assign group hotkey | 2 | |
| Basic commands | 13 | |
| Build / train | 234 | |
| Enter build submenu | 200 | |
| Enter hero's abilities submenu | 17 | |
| Give item / drop item | 3 | |
| Remove unit from queue | 8 | |
| Right click | 2174 | |
| Select / deselect | 1532 | |
| Select group hotkey | 1 | |
| Use ability | 665 | |
4851 total
» units
| Peasant | 15 | |
| Dragonhawk Rider | 14 | |
| Mortar Team | 1 | |
| Goblin Zeppelin | 2 | |
| Priest | 2 | |
| Sorceress | 2 | |
36 total
» upgrades
| Masonry | 3 | |
| Lumber Harvesting | 2 | |
| Magic Sentry | 1 | |
| Sorceress Training | 2 | |
| Gunpowder | 0 | |
| Swords | 3 | |
| Armor | 3 | |
| Cloud | 1 | |
| Animal War Training | 1 | |
| Priest Training | 2 | |
| Flare | 1 | |
19 total
» buildings
| Altar of Kings | 4 | |
| Farm | 19 | |
| Lumber Mill | 4 | |
| Scout Tower | 155 | |
| Guard Tower | 95 | |
| Town Hall | 3 | |
| Keep | 4 | |
| Arcane Sanctum | 1 | |
| Blacksmith | 1 | |
| Castle | 2 | |
| Gryphon Aviary | 2 | |
| Arcane Vault | 1 | |
| Barracks | 1 | |
| Workshop | 1 | |
| Arcane Tower | 26 | |
319 total
» build order
00:08 Altar of Kings
00:26 Farm
00:41 Lumber Mill
01:21 Scout Tower
01:22 Scout Tower
01:25 Scout Tower
01:26 Scout Tower
01:42 Farm
01:51 Guard Tower
01:54 Guard Tower
02:00 Scout Tower
02:28 Guard Tower
02:30 Scout Tower
02:31 Scout Tower
02:46 Guard Tower
03:05 Guard Tower
03:13 Scout Tower
03:15 Scout Tower
03:17 Scout Tower
03:19 Scout Tower
03:45 Town Hall
03:49 Scout Tower
03:51 Guard Tower
03:55 Scout Tower
03:56 Scout Tower
04:01 Scout Tower
04:04 Scout Tower
04:08 Scout Tower
04:11 Scout Tower
04:13 Scout Tower
04:14 Guard Tower
04:16 Scout Tower
04:18 Scout Tower
04:28 Scout Tower
04:30 Guard Tower
04:32 Scout Tower
04:34 Guard Tower
04:35 Guard Tower
04:35 Guard Tower
04:37 Guard Tower
04:42 Guard Tower
04:50 Guard Tower
04:50 Guard Tower
04:52 Scout Tower
04:55 Guard Tower
04:55 Guard Tower
04:59 Guard Tower
05:00 Guard Tower
05:19 Scout Tower
05:21 Guard Tower
05:29 Scout Tower
05:34 Guard Tower
05:38 Guard Tower
05:49 Scout Tower
05:55 Keep
05:55 Keep
05:55 Keep
06:09 Guard Tower
06:11 Scout Tower
06:14 Scout Tower
06:15 Guard Tower
06:27 Guard Tower
06:35 Guard Tower
06:35 Guard Tower
06:37 Scout Tower
06:42 Guard Tower
06:44 Scout Tower
06:46 Scout Tower
06:47 Scout Tower
06:53 Scout Tower
06:55 Scout Tower
07:00 Scout Tower
07:03 Scout Tower
07:07 Guard Tower
07:09 Scout Tower
07:10 Scout Tower
07:11 Scout Tower
07:19 Scout Tower
07:20 Guard Tower
07:22 Guard Tower
07:24 Scout Tower
07:33 Guard Tower
07:35 Scout Tower
08:09 Guard Tower
08:13 Guard Tower
08:20 Scout Tower
08:29 Guard Tower
08:29 Guard Tower
08:53 Arcane Sanctum
09:01 Scout Tower
09:02 Guard Tower
09:32 Scout Tower
10:06 Blacksmith
10:11 Castle
10:12 Castle
10:17 Guard Tower
10:18 Scout Tower
10:37 Scout Tower
10:38 Scout Tower
10:39 Scout Tower
10:49 Scout Tower
10:54 Guard Tower
10:55 Scout Tower
11:20 Guard Tower
11:30 Guard Tower
11:32 Scout Tower
11:33 Guard Tower
11:35 Scout Tower
11:35 Scout Tower
11:37 Scout Tower
11:39 Scout Tower
11:40 Scout Tower
11:45 Scout Tower
11:45 Scout Tower
12:19 Scout Tower
12:25 Scout Tower
12:26 Guard Tower
13:01 Scout Tower
13:01 Guard Tower
13:25 Scout Tower
13:26 Scout Tower
13:34 Scout Tower
13:35 Guard Tower
13:45 Lumber Mill
14:04 Guard Tower
14:05 Scout Tower
14:07 Scout Tower
14:10 Guard Tower
14:19 Gryphon Aviary
14:28 Scout Tower
14:31 Scout Tower
15:29 Guard Tower
15:31 Scout Tower
15:31 Scout Tower
16:15 Gryphon Aviary
16:20 Arcane Vault
16:22 Scout Tower
16:24 Guard Tower
16:37 Scout Tower
16:41 Scout Tower
17:15 Guard Tower
17:17 Scout Tower
17:18 Scout Tower
17:54 Scout Tower
17:56 Scout Tower
17:57 Guard Tower
18:20 Guard Tower
18:22 Scout Tower
18:25 Scout Tower
18:26 Guard Tower
18:27 Guard Tower
18:40 Scout Tower
18:41 Guard Tower
18:44 Guard Tower
18:53 Farm
18:54 Guard Tower
18:58 Scout Tower
19:01 Guard Tower
19:04 Scout Tower
19:25 Scout Tower
19:49 Guard Tower
19:51 Scout Tower
19:51 Scout Tower
20:07 Scout Tower
20:13 Farm
20:14 Guard Tower
20:34 Scout Tower
20:35 Guard Tower
20:39 Guard Tower
20:46 Farm
20:53 Barracks
20:59 Scout Tower
23:19 Guard Tower
23:20 Scout Tower
24:14 Scout Tower
24:15 Scout Tower
24:15 Scout Tower
24:15 Scout Tower
24:16 Scout Tower
24:16 Scout Tower
24:27 Scout Tower
24:29 Scout Tower
24:33 Guard Tower
24:33 Guard Tower
24:54 Guard Tower
25:20 Guard Tower
25:25 Scout Tower
25:28 Scout Tower
25:29 Guard Tower
25:34 Workshop
26:00 Scout Tower
26:00 Guard Tower
26:13 Guard Tower
26:34 Scout Tower
26:35 Scout Tower
26:36 Scout Tower
26:37 Scout Tower
29:21 Farm
29:22 Farm
29:23 Farm
31:38 Arcane Tower
32:20 Farm
32:20 Farm
32:21 Farm
32:22 Farm
32:54 Farm
33:14 Town Hall
33:21 Farm
33:22 Farm
36:53 Scout Tower
36:54 Scout Tower
37:53 Guard Tower
37:55 Scout Tower
37:59 Scout Tower
38:15 Scout Tower
38:17 Scout Tower
38:56 Scout Tower
39:34 Arcane Tower
39:35 Arcane Tower
39:49 Lumber Mill
39:56 Lumber Mill
40:01 Arcane Tower
40:01 Arcane Tower
41:11 Scout Tower
41:13 Scout Tower
41:17 Scout Tower
41:20 Scout Tower
41:22 Scout Tower
41:26 Scout Tower
41:46 Scout Tower
41:47 Guard Tower
41:49 Guard Tower
42:03 Arcane Tower
42:03 Arcane Tower
42:25 Guard Tower
42:26 Guard Tower
42:28 Scout Tower
42:58 Scout Tower
43:01 Scout Tower
43:05 Guard Tower
43:09 Scout Tower
43:38 Guard Tower
43:41 Guard Tower
43:50 Scout Tower
43:52 Scout Tower
44:21 Scout Tower
44:59 Guard Tower
45:55 Guard Tower
48:33 Scout Tower
48:38 Scout Tower
48:40 Scout Tower
51:37 Guard Tower
51:38 Scout Tower
53:24 Scout Tower
54:39 Scout Tower
54:40 Guard Tower
54:54 Scout Tower
55:17 Guard Tower
55:44 Scout Tower
56:56 Guard Tower
58:48 Scout Tower
59:25 Guard Tower
59:26 Scout Tower
59:28 Scout Tower
59:56 Scout Tower
59:57 Guard Tower
60:03 Guard Tower
61:58 Arcane Tower
62:00 Scout Tower
62:01 Scout Tower
62:32 Arcane Tower
63:07 Arcane Tower
63:07 Arcane Tower
63:10 Scout Tower
67:26 Scout Tower
67:29 Arcane Tower
67:30 Arcane Tower
67:36 Altar of Kings
67:39 Farm
67:53 Guard Tower
69:31 Farm
69:33 Farm
70:19 Farm
72:22 Scout Tower
72:32 Scout Tower
72:50 Guard Tower
72:52 Scout Tower
73:19 Guard Tower
73:37 Scout Tower
73:38 Scout Tower
73:39 Scout Tower
73:39 Scout Tower
74:04 Guard Tower
74:30 Scout Tower
74:33 Guard Tower
76:10 Town Hall
81:42 Altar of Kings
81:45 Keep
82:54 Altar of Kings
89:37 Scout Tower
89:39 Scout Tower
89:39 Scout Tower
89:41 Scout Tower
90:40 Arcane Tower
90:40 Arcane Tower
90:40 Arcane Tower
91:16 Arcane Tower
91:16 Arcane Tower
91:17 Arcane Tower
91:50 Arcane Tower
91:50 Arcane Tower
» items
| Boots of Speed | 1 | |
| Staff of Teleportation | 1 | |
| Healing Salve | 1 | |
| Orb of Lightning | 1 | |
| Khadgar's Gem of Health | 1 | |
| Cloak of Flames | 1 | |
| Potion of Healing | 1 | |
| Scroll of Town Portal | 1 | |
| Pendant of Mana | 1 | |
| Staff of Silence | 1 | |
| Claws of Attack +12 | 1 | |
| Ring of Protection +4 | 1 | |
12 total
VELOX_NEB (
pink | 41 APM | 3878 actions | 95:33)
10 Blademaster
3 Wind Walk
3 Critical Strike
1 Bladestorm
3 Mirror Image
» actions
| Assign group hotkey | 22 | |
| Basic commands | 170 | |
| Build / train | 113 | |
| ESC pressed | 14 | |
| Enter build submenu | 65 | |
| Enter hero's abilities submenu | 10 | |
| Give item / drop item | 8 | |
| Remove unit from queue | 1 | |
| Right click | 2376 | |
| Select / deselect | 658 | |
| Select group hotkey | 124 | |
| Use ability | 317 | |
3878 total
» units
» upgrades
| Spiked Barricades | 1 | |
| Liquid Fire | 1 | |
| Reinforced Defenses | 1 | |
| Ranged Weapons | 1 | |
| Armor | 1 | |
5 total
» buildings
| Altar of Storms | 2 | |
| Orc Burrow | 4 | |
| War Mill | 1 | |
| Watch Tower | 54 | |
| Voodoo Lounge | 2 | |
| Stronghold | 2 | |
| Fortress | 2 | |
| Beastiary | 2 | |
| Great Hall | 3 | |
72 total
» build order
00:10 Altar of Storms
00:22 Orc Burrow
00:24 War Mill
01:46 Watch Tower
02:05 Watch Tower
02:26 Watch Tower
02:43 Watch Tower
03:15 Watch Tower
03:30 Watch Tower
03:33 Orc Burrow
04:07 Watch Tower
04:25 Watch Tower
04:28 Watch Tower
04:54 Watch Tower
05:12 Watch Tower
05:15 Watch Tower
05:52 Watch Tower
05:54 Watch Tower
06:43 Voodoo Lounge
06:50 Stronghold
07:27 Watch Tower
07:28 Watch Tower
07:31 Watch Tower
07:33 Watch Tower
08:27 Watch Tower
09:13 Watch Tower
09:15 Watch Tower
09:18 Watch Tower
09:20 Watch Tower
09:30 Fortress
09:46 Watch Tower
09:48 Watch Tower
10:12 Watch Tower
10:25 Watch Tower
10:26 Watch Tower
10:38 Beastiary
10:40 Beastiary
11:15 Watch Tower
11:27 Great Hall
11:29 Watch Tower
12:45 Orc Burrow
14:12 Watch Tower
14:19 Watch Tower
14:21 Watch Tower
16:36 Watch Tower
16:37 Watch Tower
16:38 Watch Tower
16:39 Watch Tower
16:40 Watch Tower
16:42 Watch Tower
16:43 Watch Tower
16:44 Watch Tower
17:48 Orc Burrow
18:27 Watch Tower
18:28 Watch Tower
18:29 Watch Tower
18:30 Watch Tower
18:32 Watch Tower
18:32 Watch Tower
18:59 Watch Tower
19:00 Watch Tower
20:06 Great Hall
20:08 Watch Tower
20:10 Watch Tower
21:16 Watch Tower
21:20 Watch Tower
28:10 Watch Tower
36:27 Great Hall
37:54 Voodoo Lounge
39:47 Stronghold
42:13 Altar of Storms
44:11 Fortress
» items
| Boots of Speed | 1 | |
| Staff of Teleportation | 1 | |
| Healing Salve | 3 | |
| Orb of Lightning | 1 | |
| Lesser Clarity Potion | 2 | |
| Claws of Attack +12 | 1 | |
| Potion of Lesser Invulnerability | 2 | |
| Amulet of Spell Shield | 1 | |
12 total
team 2 (loser)

»
Ahoyyyy (
green | 28 APM | 2675 actions | 95:16)
10 Death Knight
3 Death Coil
3 Unholy Aura
1 Animate Dead
3 Death Pact
7 Firelord
3 Summon Lava Spawn
3 Incinerate
1 Volcano
» actions
| Assign group hotkey | 59 | |
| Basic commands | 69 | |
| Build / train | 107 | |
| ESC pressed | 2 | |
| Enter build submenu | 27 | |
| Enter hero's abilities submenu | 17 | |
| Give item / drop item | 6 | |
| Right click | 907 | |
| Select / deselect | 646 | |
| Select group hotkey | 635 | |
| Use ability | 200 | |
2675 total
» units
| Acolyte | 22 | |
| Ghoul | 3 | |
| Crypt Fiend | 17 | |
| Frost Wyrm | 16 | |
| Goblin Zeppelin | 3 | |
| Gargoyle | 8 | |
69 total
» upgrades
| Web | 1 | |
| Creature Carapace | 3 | |
| Creature Attack | 3 | |
| Freezing Breath | 1 | |
| Stone Form | 1 | |
9 total
» buildings
| Crypt | 2 | |
| Altar of Darkness | 2 | |
| Ziggurat | 10 | |
| Graveyard | 3 | |
| Nerubian Tower | 2 | |
| Halls of the Dead | 1 | |
| Black Citadel | 1 | |
| Sacrificial Pit | 1 | |
| Boneyard | 2 | |
| Spirit Tower | 3 | |
| Necropolis | 1 | |
28 total
» build order
00:21 Crypt
00:25 Altar of Darkness
00:34 Ziggurat
01:13 Graveyard
01:25 Crypt
01:50 Ziggurat
02:20 Ziggurat
03:04 Nerubian Tower
04:48 Halls of the Dead
06:42 Ziggurat
07:12 Black Citadel
07:15 Sacrificial Pit
10:53 Ziggurat
10:56 Ziggurat
10:57 Ziggurat
11:43 Boneyard
12:10 Nerubian Tower
12:12 Spirit Tower
12:13 Spirit Tower
12:36 Graveyard
16:24 Ziggurat
19:53 Ziggurat
20:23 Spirit Tower
21:39 Graveyard
24:15 Boneyard
35:10 Ziggurat
51:07 Necropolis
82:11 Altar of Darkness
» items
| Talisman of Evasion | 1 | |
| Pendant of Energy | 1 | |
| Scroll of Protection | 1 | |
3 total

»
Mateyyyy (
red | 65 APM | 6234 actions | 95:17)
10 Tauren Chieftain
3 Endurance Aura
3 Shockwave
1 Reincarnation
3 War Stomp
» actions
| Assign group hotkey | 63 | |
| Basic commands | 1047 | |
| Build / train | 129 | |
| ESC pressed | 1 | |
| Enter build submenu | 48 | |
| Enter hero's abilities submenu | 10 | |
| Give item / drop item | 6 | |
| Remove unit from queue | 4 | |
| Right click | 1889 | |
| Select / deselect | 1085 | |
| Select group hotkey | 1696 | |
| Use ability | 256 | |
6234 total
» units
| Peon | 28 | |
| Grunt | 8 | |
| Demolisher | 20 | |
| Raider | 32 | |
| Tauren | 8 | |
| Wind Rider | 4 | |
| Goblin Zeppelin | 2 | |
102 total
» upgrades
| Berserker Strength | 1 | |
| Ensnare | 1 | |
| Burning Oil | 1 | |
| Pillage | 1 | |
| Pulverize | 1 | |
| Ranged Weapons | 1 | |
| Reinforced Defenses | 1 | |
7 total
» buildings
| Orc Burrow | 11 | |
| Altar of Storms | 1 | |
| Barracks | 2 | |
| Voodoo Lounge | 1 | |
| Stronghold | 1 | |
| War Mill | 1 | |
| Great Hall | 4 | |
| Fortress | 1 | |
| Watch Tower | 10 | |
| Beastiary | 4 | |
| Tauren Totem | 2 | |
38 total
» build order
00:05 Orc Burrow
00:24 Altar of Storms
00:39 Barracks
01:31 Orc Burrow
02:00 Barracks
03:04 Orc Burrow
03:35 Voodoo Lounge
04:35 Stronghold
05:36 Orc Burrow
06:04 War Mill
07:12 Great Hall
07:46 Orc Burrow
08:15 Fortress
08:35 Great Hall
10:07 Watch Tower
10:59 Watch Tower
11:42 Watch Tower
12:01 Watch Tower
12:23 Orc Burrow
12:52 Orc Burrow
14:31 Watch Tower
14:34 Beastiary
16:02 Beastiary
19:51 Watch Tower
19:54 Watch Tower
19:57 Watch Tower
21:05 Orc Burrow
24:20 Beastiary
24:55 Beastiary
25:23 Tauren Totem
25:30 Tauren Totem
32:45 Orc Burrow
36:12 Great Hall
41:24 Orc Burrow
43:29 Orc Burrow
44:04 Watch Tower
44:26 Watch Tower
57:51 Great Hall
» items
| Healing Salve | 3 | |
| Orb of Lightning | 1 | |
| Scroll of Town Portal | 1 | |
| Scroll of Speed | 1 | |
6 total

»
yarrrr (
teal | 33 APM | 3170 actions | 95:17)
9 Paladin
2 Holy Light
3 Devotion Aura
3 Divine Shield
1 Resurrection
1 Blood Mage
1 Flame Strike
» actions
| Assign group hotkey | 71 | |
| Basic commands | 491 | |
| Build / train | 200 | |
| Enter build submenu | 32 | |
| Enter hero's abilities submenu | 10 | |
| Give item / drop item | 1 | |
| Remove unit from queue | 20 | |
| Right click | 926 | |
| Select / deselect | 980 | |
| Select group hotkey | 273 | |
| Use ability | 165 | |
3170 total
» units
| Peasant | 30 | |
| Footman | 5 | |
| Rifleman | 15 | |
| Mortar Team | 11 | |
| Priest | -2 | |
| Sorceress | 7 | |
| Dragonhawk Rider | 15 | |
| Goblin Zeppelin | 9 | |
| Goblin Sapper | 2 | |
| Gryphon Rider | 7 | |
| Siege Engine | 15 | |
114 total
» upgrades
| Masonry | 3 | |
| Armor | 3 | |
| Gunpowder | 3 | |
| Lumber Harvesting | 2 | |
| Magic Sentry | 1 | |
| Sorceress Training | 2 | |
| Cloud | 1 | |
| Storm Hammers | 1 | |
| Backpack | 1 | |
| Priest Training | 2 | |
| Control Magic | 1 | |
| Long Rifles | 1 | |
| Swords | 3 | |
| Plating | 3 | |
| Flying Machine Bombs | 1 | |
| Flare | 1 | |
| Barrage | 1 | |
| Fragmentation Shards | 1 | |
| Flak Cannons | 1 | |
32 total
» buildings
| Altar of Kings | 1 | |
| Barracks | 2 | |
| Farm | 15 | |
| Blacksmith | 1 | |
| Lumber Mill | 1 | |
| Scout Tower | 5 | |
| Arcane Tower | 1 | |
| Keep | 1 | |
| Arcane Vault | 1 | |
| Workshop | 1 | |
| Town Hall | 2 | |
| Cannon Tower | 2 | |
| Guard Tower | 2 | |
| Arcane Sanctum | 1 | |
| Castle | 1 | |
| Gryphon Aviary | 2 | |
39 total
» build order
00:22 Altar of Kings
00:38 Barracks
00:52 Farm
01:19 Farm
01:48 Farm
02:32 Farm
02:47 Blacksmith
02:53 Lumber Mill
03:30 Scout Tower
04:05 Barracks
04:15 Arcane Tower
04:39 Keep
05:33 Arcane Vault
06:24 Farm
07:30 Workshop
07:45 Town Hall
08:12 Scout Tower
08:27 Scout Tower
08:49 Cannon Tower
09:21 Farm
10:09 Cannon Tower
11:01 Scout Tower
11:29 Farm
11:35 Farm
11:49 Guard Tower
11:52 Scout Tower
12:07 Arcane Sanctum
12:29 Guard Tower
12:38 Farm
14:12 Castle
17:19 Gryphon Aviary
17:25 Gryphon Aviary
19:57 Farm
20:00 Farm
20:01 Farm
20:02 Farm
40:04 Farm
40:05 Farm
46:13 Town Hall
» items
| Potion of Healing | 4 | |
| Scroll of Regeneration | 2 | |
| Orb of Fire | 1 | |
| Scroll of Town Portal | 2 | |
| Potion of Mana | 1 | |
10 total
Chat log
(00:45 / All) GOKUMaN69: gl hf manner game
(00:58 / All) Dexanth: Yarrr ahoy AVAST
(01:01 / All) Ahoyyyy: does that mean 10 min no rush?
(01:02 / All) Dexanth: Do you like Jack Sparrow
(01:11 / All) Mateyyyy: he's a wimp
(01:14 / All) Mateyyyy: i'm a far better pirate
(58:46 / All) VELOX_NEB: gl hf
(59:15 / All) GOKUMaN69: guys
(59:19 / All) GOKUMaN69: hwo you gonna win?
(59:25 / All) Ahoyyyy: magic
(59:26 / All) Mateyyyy: how are you?
(59:37 / All) GOKUMaN69: turn all your shit into gold
(59:38 / All) yarrrr: that is a better question :)
(59:44 / All) Dexanth: Level 6 alchemist ~
(59:49 / All) GOKUMaN69: ~~~~~~~~~~~~~~~~~~~~~~~~~~~~~~~~~~~~
(59:53 / All) GOKUMaN69: :D
(59:57 / All) Dexanth: Nyoro~ n
(64:42 / All) GOKUMaN69: come again
(64:44 / All) GOKUMaN69: anytime
(72:57 / All) VELOX_NEB: so how much gold you guys got?
(79:08 / All) GOKUMaN69: gg guys
(79:10 / All) GOKUMaN69: get out
(93:45 / All) Dexanth: Suck it whore
(93:46 / All) VELOX_NEB: man
(93:54 / All) VELOX_NEB: such an ignominious death for such noble heroes
(94:04 / All) Dexanth: Except the dk
(94:07 / Allies) Dexanth: leave em
(94:13 / Allies) Dexanth: lets take out the ground first
(94:18 / Allies) Dexanth: im Am again then
(94:29 / Allies) Dexanth: no
(95:06 / All) VELOX_NEB: gl hf